Map: Orbital Shipyard

Players

Ludje - Winner!

  • Race: Protoss Protoss
  • League: Gold

capac

  • Race: Terran Terran
  • League: Gold

VOD

Have the link to the VOD?

Description

Time

  • Played on: Dec. 1, 2015, 8:45 a.m.
  • Length: 22:13
Show
View Real Time Build Order
Export as new Build Order

Ludje Protoss - Winner!

Build Orders:  

Get SALT Encoding   

  12  0:02  Probe (Chrono Boost)  
  13  0:12  Probe (Chrono Boost)  
  14  0:20  Pylon  
  14  0:23  Probe (Chrono Boost)  
  15  0:38  Probe (Chrono Boost)  
  15  0:40  Gateway  
  16  0:48  Probe (Chrono Boost), Assimilator  
  17  0:59  Probe (Chrono Boost)  
  18  1:09  Probe (Chrono Boost)  
  19  1:15  Pylon  
  19  1:20  Probe (Chrono Boost)  
  20  1:33  Cybernetics Core  
  20  1:37  Probe (Chrono Boost)  
  21  1:49  Probe (Chrono Boost)  
  22  1:56  Nexus  
  22  2:00  Probe (Chrono Boost)  
  23  2:06  Gateway  
  23  2:10  Stalker  
  23  2:13  Probe (Chrono Boost)  
  26  2:19  Assimilator  
  26  2:25  Probe (Chrono Boost)  
  27  2:30  Warp Gate  
  27  2:36  Mothership Core (Chrono Boost)  
  29  2:41  Pylon  
  29  2:55  Probe (Chrono Boost)  
  30  3:00  Stalker x2  
  30  3:05  Probe (Chrono Boost)  
  35  3:17  Robotics Facility  
  35  3:21  Probe (Chrono Boost)  
  35  3:22  Forge  
  35  3:25  Probe (Chrono Boost)  
  37  3:32  Probe (Chrono Boost)  
  38  3:35  Probe (Chrono Boost)  
  39  3:42  Probe (Chrono Boost)  
  39  3:46  Probe (Chrono Boost)  
  41  3:53  Probe (Chrono Boost), Stalker x2  
  46  3:56  Probe (Chrono Boost), Protoss Ground Armor Level 1 (Chrono Boost)  
  47  4:03  Probe (Chrono Boost), Assimilator  
  47  4:08  Pylon  
  48  4:27  Photon Cannon  
  48  4:28  Observer  
  49  4:35  Photon Cannon  
  49  4:39  Probe x2 (Chrono Boost)  
  51  4:47  Stalker x2  
  51  4:48  Pylon  
  51  4:49  Probe x2 (Chrono Boost)  
  57  4:55  Twilight Council  
  57  5:02  Gateway  
  57  5:03  Probe x2 (Chrono Boost), Gateway  
  57  5:05  Observer  
  60  5:13  Probe (Chrono Boost)  
  60  5:14  Probe (Chrono Boost)  
  61  5:18  Stalker  
  64  5:30  Probe  
  64  5:31  Probe  
  64  5:33  Immortal  
  64  5:34  Blink  
  70  5:42  Pylon  
  70  5:43  Pylon  
  70  5:50  Assimilator  
  70  5:52  Pylon  
  70  5:55  Protoss Ground Weapons Level 1 (Chrono Boost)  
  70  6:05  Nexus  
  70  6:18  Robotics Bay  
  70  6:24  Probe  
  70  6:26  Probe  
  70  6:29  Observer  
  73  6:33  Stalker  
  73  6:34  Stalker  
  73  6:35  Probe  
  78  6:45  Stalker x2  
  82  6:53  Pylon  
  82  6:57  Pylon  
  82  7:01  Photon Cannon  
  82  7:08  Colossus, Gateway  
  82  7:10  Gateway  
  88  7:29  Assimilator  
  88  7:33  Gateway x2  
  88  7:34  Assimilator  
  88  7:39  Gateway  
  88  7:40  Gateway  
  87  7:49  Probe x2  
  87  7:50  Probe  
  90  7:59  Probe  
  90  8:01  Colossus  
  90  8:02  Probe, Extended Thermal Lance (Chrono Boost)  
  98  8:15  Probe x2  
  98  8:16  Probe  
  98  8:19  Stalker x4  
  109  8:20  Stalker x2  
  113  8:37  Robotics Facility  
  113  8:39  Protoss Ground Weapons Level 2 (Chrono Boost)  
  113  8:48  Dark Shrine  
  113  8:50  Pylon  
  113  8:56  Observer  
  113  8:59  Probe  
  115  9:06  Pylon  
  115  9:10  Pylon  
  115  9:15  Pylon  
  115  9:16  Colossus  
  121  9:24  Forge  
  121  9:25  Stalker x5  
  121  9:26  Stalker  
  121  9:29  Probe x2  
  121  9:31  Probe  
  136  9:39  Colossus  
  142  9:51  Templar Archives  
  142  10:10  Colossus  
  148  10:26  Stalker x2  
  148  10:27  Stalker x2  
  156  10:47  Nexus  
  156  10:50  Pylon  
  156  10:52  Pylon  
  156  10:56  Assimilator  
  154  10:58  Pylon  
  154  11:03  Pylon  
  154  11:07  Pylon  
  154  11:10  Colossus  
  160  11:13  Probe  
  160  11:14  Probe  
  160  11:15  Probe  
  163  11:20  Protoss Ground Armor Level 2 (Chrono Boost)  
  163  11:21  Protoss Ground Weapons Level 3 (Chrono Boost)  
  163  11:23  Psionic Storm  
  163  11:27  High Templar  
  163  11:28  High Templar  
  163  11:31  High Templar  
  169  11:45  Dark Templar  
  169  11:46  Dark Templar  
  128  12:22  High Templar x3  
  124  12:24  Zealot x6  
  124  12:25  Zealot  
  140  12:41  Assimilator  
  140  12:42  Photon Cannon  
  140  12:45  Colossus, Photon Cannon  
  140  12:46  Colossus  
  140  12:47  Photon Cannon  
  140  12:49  Photon Cannon  
  152  13:11  Stalker x3  
  152  13:12  Stalker x3  
  164  13:13  Stalker x2  
  164  13:16  Pylon  
  164  13:18  Nexus  
  168  13:21  Probe  
  168  13:22  Probe x2, Assimilator  
  168  13:26  Assimilator  
  171  13:31  Archon  
  171  13:34  Probe  
  171  13:35  Dark Templar x2  
  176  13:42  Probe x2  
  176  13:43  Probe  
  179  13:48  High Templar  
  179  13:49  High Templar x2  
  185  14:00  Photon Cannon  
  185  14:11  Pylon  
  185  14:23  Stalker x4  
  191  14:30  Probe  
  189  14:31  Probe  
  189  14:32  Probe x2  
  179  15:03  Stalker x3  
  179  15:04  Stalker x3  
  191  15:17  Stalker  
  191  15:18  Stalker x2  
  197  15:22  Dark Templar  
  178  16:04  Stalker x2  
  178  16:05  Stalker x3  
  178  16:06  Zealot x5  
  198  16:32  Stargate  
  194  16:33  Stargate  
  194  16:36  Stargate  
  194  16:39  Stargate  
  190  16:44  Pylon  
  190  16:47  Pylon  
  190  17:02  Nexus  
  190  17:05  Dark Templar  
  190  17:06  Dark Templar x4  
  200  17:11  Nexus  
  200  17:23  Pylon  
  178  17:42  Archon x2  
  178  17:44  Archon  
  119  17:54  Stalker x3  
  119  17:55  Stalker x4  
  119  17:56  Stalker x3  
  135  18:06  Protoss Ground Armor Level 3 (Chrono Boost)  
  135  18:21  Charge (Chrono Boost)  
  135  18:25  Protoss Shields Level 1  
  123  18:42  Colossus  
  123  18:43  Colossus  
  123  18:44  Pylon  
  123  18:58  Zealot x2  
  123  18:59  Zealot x5  
  135  19:08  Dark Templar x3  
  141  19:36  Colossus x2, Fleet Beacon  
  153  19:43  Assimilator  
  153  19:48  Assimilator  
  153  19:51  Dark Templar x4, Pylon  
  153  19:52  Dark Templar  
  163  19:53  Zealot x4  
  163  19:54  Zealot, Pylon  
  163  19:57  Archon  
  173  20:02  Archon x2  
  173  20:04  Archon x2  
  173  20:22  Carrier x3  
  191  20:29  High Templar x4  
  199  20:44  Archon x2  
  198  21:26  Stalker  
Show
View Real Time Build Order
Export as new Build Order

capac Terran 

Build Orders: Reaper Expand, MMM Bio 

Get SALT Encoding   

  12  0:01  SCV  
  13  0:13  SCV  
  14  0:19  Supply Depot  
  14  0:25  SCV  
  15  0:40  SCV  
  15  0:41  Barracks  
  16  0:46  Refinery  
  16  0:52  SCV  
  17  1:04  SCV  
  18  1:17  SCV  
  19  1:41  Command Center  
  19  1:42  Orbital Command  
  19  1:47  Reaper  
  20  1:54  Supply Depot  
  20  2:10  SCV  
  21  2:19  Refinery, Factory  
  21  2:21  Marine  
  22  2:25  SCV  
  23  2:35  Barracks  
  23  2:39  Marine  
  23  2:40  SCV  
  25  2:53  SCV  
  25  2:57  Orbital Command  
  25  3:03  Barracks Reactor  
  25  3:05  SCV  
  26  3:07  Starport  
  26  3:17  SCV  
  27  3:23  Barracks Tech Lab  
  27  3:25  Widow Mine  
  29  3:29  SCV  
  29  3:32  Barracks  
  30  3:34  SCV  
  31  3:41  SCV  
  31  3:42  Marine x2  
  34  3:51  Medivac  
  34  3:55  Widow Mine  
  40  3:58  SCV  
  41  4:03  SCV  
  41  4:05  Marine  
  41  4:06  Marauder  
  43  4:10  SCV  
  43  4:11  Barracks  
  44  4:29  Widow Mine  
  46  4:35  Stimpack  
  46  4:41  Supply Depot  
  46  4:49  Barracks Reactor  
  46  5:02  Marauder, Marine x2, SCV x2, Medivac  
  46  5:04  Factory Tech Lab  
  54  5:23  SCV x2  
  54  5:27  Barracks Reactor  
  50  5:28  Barracks Tech Lab  
  50  5:35  Starport Reactor  
  50  5:36  SCV x2  
  52  5:45  Command Center  
  52  5:47  Supply Depot  
  52  5:48  SCV x2  
  54  5:52  Marine  
  54  5:55  Refinery, Combat Shields  
  54  5:57  Refinery  
  54  6:03  Marauder, Marine, Siege Tank, SCV x2  
  62  6:04  Supply Depot  
  62  6:09  Marine  
  63  6:12  Marine x2  
  63  6:13  Marauder  
  63  6:15  SCV x2  
  69  6:28  Liberator  
  69  6:29  Supply Depot  
  69  6:32  Engineering Bay  
  69  6:33  Engineering Bay  
  72  6:50  SCV x2  
  74  6:58  Supply Depot  
  74  6:59  Terran Infantry Weapons Level 1, Terran Infantry Armor Level 1  
  74  7:01  Armory  
  74  7:03  Supply Depot  
  74  7:04  Supply Depot  
  74  7:05  SCV x2  
  74  7:06  Marine x3  
  79  7:16  Concussive Shells  
  79  7:20  Marauder x2  
  79  7:21  Marine, Liberator x2  
  84  7:24  Marine x3  
  84  7:27  Supply Depot  
  87  7:39  Marine  
  94  7:46  SCV x2  
  96  7:52  Terran Ship Weapons Level 1  
  96  7:54  Supply Depot  
  96  7:57  Orbital Command  
  96  7:59  Marine x3  
  99  8:10  Siege Tank  
  102  8:14  SCV  
  103  8:20  Medivac  
  103  8:21  Medivac  
  103  8:25  Marine x3  
  110  8:29  SCV  
  110  8:30  SCV  
  110  8:34  Supply Depot  
  112  8:36  SCV  
  113  8:42  Siege Tank, SCV x2  
  113  8:47  Marauder x2  
  113  8:48  Marine x4  
  124  8:50  SCV  
  124  8:54  SCV  
  128  8:55  Terran Infantry Weapons Level 2  
  128  8:57  Supply Depot  
  128  8:59  Terran Infantry Armor Level 2  
  128  9:11  Marine x3  
  128  9:12  Marauder x2, Marine  
  136  9:31  SCV x2  
  138  9:32  Supply Depot  
  138  9:33  Marine x3  
  141  9:42  Barracks  
  141  9:45  Barracks  
  141  9:46  Liberator  
  141  9:47  Barracks, Liberator  
  141  9:57  Barracks, SCV x3  
  141  9:59  Barracks  
  144  10:03  Siege Tank  
  153  10:09  Supply Depot  
  153  10:12  Starport  
  153  10:35  Marine x3  
  154  10:36  Marine  
  154  10:37  Marauder x2  
  158  10:58  Marauder x2  
  158  11:00  Marine x4  
  158  11:02  Siege Tank  
  169  11:06  Liberator  
  172  11:25  Starport Reactor  
  172  11:29  Supply Depot, Terran Ship Weapons Level 2  
  172  11:30  Supply Depot  
  172  11:32  Barracks Reactor  
  172  11:33  Barracks Reactor  
  172  11:43  Refinery, Command Center  
  172  11:44  Command Center  
  172  11:46  Siege Tank  
  173  11:49  Refinery  
  108  12:19  Marine x5  
  108  12:20  Marauder  
  104  12:22  Viking  
  104  12:23  Viking x2  
  104  12:27  Viking  
  109  12:38  Marauder  
  109  12:42  Marauder  
  110  12:49  Marine x3  
  110  12:50  Marine  
  114  12:53  Terran Infantry Weapons Level 3  
  114  12:54  Terran Infantry Armor Level 3  
  114  12:59  Barracks Tech Lab, Barracks Reactor  
  114  13:14  Viking x3  
  114  13:15  Viking  
  122  13:20  Siege Tank  
  125  13:52  Viking x4  
  133  13:59  Planetary Fortress  
  133  14:00  SCV x2  
  135  14:02  Supply Depot  
  135  14:03  Terran Ship Weapons Level 3  
  135  14:16  Missile Turret  
  135  14:17  Missile Turret  
  129  14:28  Missile Turret  
  129  14:59  Marine x5  
  120  15:00  Marine x3  
  120  15:01  Marauder x3  
  120  15:03  Viking  
  120  15:04  Viking x3  
  138  15:13  Siege Tank  
  141  15:14  Factory  
  141  15:17  Marine x4  
  141  15:18  Marine x6  
  151  15:22  Marauder x3  
  134  15:54  Marine x3  
  134  15:55  Marine x6  
  124  16:05  Siege Tank  
  124  16:07  Factory Tech Lab  
  124  16:09  Factory  
  127  16:16  Marine x4  
  127  16:17  Marine x4  
  127  16:18  Marine  
  136  16:19  Marauder  
  136  16:20  Viking x4  
  146  16:37  Siege Tank  
  147  17:00  Marine x2  
  147  17:01  Marine x5  
  151  17:02  Marine x5  
  151  17:03  Marine  
  151  17:05  Medivac x3  
  151  17:06  Medivac  
  168  17:09  Siege Tank  
  171  17:18  Marine x2  
  100  17:47  Marine x4  
  100  17:48  Marine  
  81  17:54  Marine x2  
  66  18:02  Marine x6  
  63  18:14  Marine  
  63  18:15  Marine  
  59  18:45  Marine  
  54  19:09  Marine x4  
  57  19:10  Marine x2  
  57  19:16  SCV  
  61  19:28  SCV  
  62  19:36  Marine  
  62  19:37  Marine x5  
  68  19:42  Marine  
  68  19:43  Marine x2  
  68  19:44  Marine  
  72  19:57  Marauder  
  74  20:26  SCV  
  75  20:38  SCV  
  75  20:39  Marine x2  
  75  20:40  Marine x2  
  80  20:50  SCV  
  74  21:09  Marine x4  
  69  21:22  Marine  
  69  21:23  Marine x4  
  64  21:30  Marine x3  
  64  21:31  Marine x3  
  70  21:44  SCV  
  71  21:53  Command Center  
  71  21:56  SCV  
Tags
 
Add a new tag
Caveats
  • Supply blocks, unpowered buildings, or Contaminate may cause inaccurate times.
  • Supply counts are checked every 10 seconds.